 Dungeon Sprint DCSS version 0.21.1-1-g345015f (webtiles) character file.

6555 Fang the Severer (level 11, -5/76 HPs)
             Began as a Gargoyle Berserker on June 28, 2018.
             Was an Elder of Trog.
             Hit by a javelin of returning thrown by a merfolk javelineer (20 damage)
             ... in the Dungeon (Sprint VII: "The Pits").
             The game lasted 00:06:02 (2285 turns).

Fang the Severer (Gargoyle Berserker)               Turns: 2285, Time: 00:06:02

Health: -5/76      AC: 17    Str: 26    XL:     11   Next: 1%
Magic:  11/11      EV: 20    Int: 10    God:    Trog [****..]
Gold:   0          SH:  0    Dex:  7    Spells: 10/10 levels left

rFire    . . .     SeeInvis .   a - +5 battleaxe "Puvvokk" {freeze, rN+ Str+2 Int+2 Dex-2}
rCold    . . .     Gourm    .   (shield currently unavailable)
rNeg     + + +     Faith    .   n - +2 ring mail {rN+}
rPois    ∞         Spirit   .   (no helmet)
rElec    +         Reflect  .   (no cloak)
rCorr    .         Harm     .   (no gloves)
MR       .....     NoTele   +   (no boots)
Stlth    ++........             (no amulet)
HPRegen  0.22/turn              q - +3 ring of evasion
MPRegen  0.12/turn              t - +3 ring of evasion

@: berserk cooldown, slowed, very slow
A: negative energy resistance 1, electricity resistance, unbreathing,
petrification resistance, rot immunity, AC +8
a: Berserk, Trog's Hand, Brothers in Arms, Burn Spellbooks, Renounce Religion


You were in the Dungeon.
You worshipped Trog.
Trog was greatly pleased with you.
You were very hungry.

You visited 1 branch

Inventory:

Hand Weapons
 a - the +5 battleaxe "Puvvokk" (weapon) {freeze, rN+ Str+2 Int+2 Dex-2}
   (Trog gifted it to you in the Dungeon)

   It has been specially enchanted to freeze those struck by it, causing extra
   injury to most foes and up to half again as much damage against particularly
   susceptible opponents.
   It can also slow down cold-blooded creatures.
   It affects your strength (+2).
   It affects your intelligence (+2).
   It affects your dexterity (-2).
   It protects you from negative energy.
 j - a +2 hand axe
 o - a +2 antimagic battleaxe
 p - a +4 executioner's axe of chopping
 v - a +2 war axe of freezing
Armour
 b - a +0 animal skin
 n - a +2 ring mail of positive energy (worn)
Jewellery
 q - a +3 ring of evasion (left hand)
 t - a +3 ring of evasion (right hand)
Scrolls
 i - a scroll of blinking
 l - 3 scrolls of remove curse
 m - a scroll of summoning
Potions
 d - 6 potions of curing
 e - 6 potions of heal wounds
 f - 2 potions of haste
 g - 4 potions of magic
 h - 3 potions of berserk rage
 k - 2 potions of invisibility
 r - a potion of agility
 s - a potion of might
 u - a potion of resistance
Comestibles
 c - 8 rations


   Skills:
 + Level 12.7 Fighting
 + Level 15.6 Axes
 + Level 10.4 Armour
 + Level 10.0 Dodging
 + Level 4.0 Stealth


You had 10 spell levels left.
You didn't know any spells.

Dungeon Overview and Level Annotations

Branches:
Dungeon (1/1)

Altars:
Cheibriados
Dithmenos
Elyvilon
Fedhas
Gozag
Hepliaklqana
Makhleb
Nemelex Xobeh
Okawaru
Qazlal
Ru
Sif Muna
Trog
Vehumet
Wu Jian
Xom
Yredelemnul
Zin
The Shining One
Beogh
Jiyva
Lugonu


Innate Abilities, Weirdness & Mutations

You are resistant to torment.
Your stone body is resilient. (AC +8)
You are immune to poison.
You resist negative energy. (rN+)
You are resistant to electric shocks. (rElec)
You can survive without breathing.
You are immune to petrification.
You are immune to rotting.


Message History

You see here 2 tomahawks.
Your ogre closely misses the merfolk javelineer.
The merfolk javelineer hits you from afar with a spear of venom!
Your ogre hits the merfolk javelineer with a giant club!!
The merfolk hits your ogre with a trident!
The merfolk javelineer throws a javelin of returning.
The javelin of returning hits your ogre!!
Your ogre dies!
Your ogre's corpse disappears in a puff of smoke!
The weapon returns to the merfolk javelineer!
The merfolk javelineer shouts!
You see here a tomahawk.
The merfolk javelineer hits you from afar with a spear of venom!
The merfolk hits you from afar with a trident!
* * * LOW HITPOINT WARNING * * *
You see here 2 tomahawks.
The merfolk barely misses you.
The merfolk javelineer throws a javelin of returning.
The javelin of returning hits you!!
You die...

..............+
....#..#......#
.......)......#
#'#####''######
.....##))########### ####
.....##....##..'...##...###
.....##...##...#..##......##
.<...##..##...##.m#........#
.....##..#)..##(@mmk(...f...
.....##..').##.(..###f......
.....##.##).#.......###.....
#########...'.........##m...
###### #....#...)####..##...
#..[[##..#..##..##..##..+ k.
#..[[##.###..##.'....'..# .
'..))####.##..#)##..##..#
#..))# #...'..'..####...##


You could see a merfolk javelineer, 2 merfolk, a wandering mushroom and a swamp
drake.

Vanquished Creatures
  2 shadow wraiths (D)
  A flayed ghost (D)
  2 deep elf magi (D)
  An efreet (D)
  A polar bear (D)
  A troll (D)
  2 flying skulls (D)
  A tarantella (D)
  A ynoxinul (D)
  3 redbacks (D)
  A warg (D)
  Edmund (D)
  A sky beast (D)
  A phantom (D)
  A small abomination (D)
  A big kobold (D)
  A scorpion (D)
  3 wights (D)
  A hound (D)
  A mummy (D)
  A river rat (D)
  2 adders (D)
  2 white imps (D)
  An ufetubus (D)
  2 leopard geckos (D)
  A giant cockroach (D)
  9 jackals (D)
  A kobold (D)
  A ball python (D)
  A quokka skeleton (D)
48 creatures vanquished.

Vanquished Creatures (collateral kills)
  A hydra (D)
  A flayed ghost (D)
  A deep elf mage (D)
  A black mamba (D)
  A merfolk (D)
  A necrophage (D)
6 creatures vanquished.

Grand Total: 54 creatures vanquished

Notes
Turn   | Place    | Note
-------+----------+-------------------------------------------
     0 | D        | Fang the Gargoyle Berserker began the quest for the Orb.
     0 | D        | Reached XP level 1. HP: 14/14 MP: 1/1
    14 | D        | Reached skill level 3 in Axes
    14 | D        | Reached XP level 2. HP: 20/20 MP: 2/2
    19 | D        | Found a bloodstained altar of Trog.
    19 | D        | Found a deep blue altar of Sif Muna.
    19 | D        | Found a viscous altar of Jiyva.
    19 | D        | Found a hazy altar of Hepliaklqana.
    19 | D        | Found an opulent altar of Gozag.
    20 | D        | Found a glowing golden altar of the Shining One.
    20 | D        | Found a glowing silver altar of Zin.
    20 | D        | Found a basalt altar of Yredelemnul.
    20 | D        | Found a shimmering altar of Xom.
    20 | D        | Found an ornate altar of the Wu Jian Council.
    20 | D        | Found a sacrificial altar of Ru.
    20 | D        | Found a stormy altar of Qazlal.
    20 | D        | Found an iron altar of Okawaru.
    20 | D        | Found a sparkling altar of Nemelex Xobeh.
    20 | D        | Found a burning altar of Makhleb.
    20 | D        | Found a blossoming altar of Fedhas.
    20 | D        | Found a white marble altar of Elyvilon.
    20 | D        | Found a shadowy altar of Dithmenos.
    20 | D        | Found a snail-covered altar of Cheibriados.
    22 | D        | Found a radiant altar of Vehumet.
    22 | D        | Found a corrupted altar of Lugonu.
    22 | D        | Found a roughly hewn altar of Beogh.
    73 | D        | Reached ** piety under Trog
    73 | D        | Reached skill level 4 in Axes
   354 | D        | Reached skill level 5 in Fighting
   360 | D        | Reached XP level 3. HP: 25/26 MP: 3/3
   368 | D        | Reached *** piety under Trog
   400 | D        | Reached XP level 4. HP: 9/32 MP: 4/4
   406 | D        | HP: 2/48 [ufetubus (4)]
   408 | D        | Reached **** piety under Trog
   408 | D        | Reached skill level 5 in Axes
   753 | D        | Noticed a phantom
   754 | D        | Noticed Edmund
   763 | D        | Killed a phantom
   763 | D        | Reached ***** piety under Trog
   763 | D        | Reached skill level 6 in Axes
   763 | D        | Reached XP level 5. HP: 38/38 MP: 5/5
   771 | D        | Killed Edmund
   771 | D        | Reached skill level 7 in Axes
   771 | D        | Reached skill level 5 in Dodging
   771 | D        | Reached XP level 6. HP: 44/44 MP: 6/6
   807 | D        | Noticed a flying skull
   820 | D        | Killed a flying skull
   820 | D        | Reached skill level 8 in Axes
  1006 | D        | Received a gift from Trog
  1006 | D        | Reached XP level 7. HP: 51/51 MP: 7/7
  1157 | D        | Noticed a flying skull
  1157 | D        | Noticed a deep elf mage
  1162 | D        | Killed a deep elf mage
  1162 | D        | Reached skill level 10 in Axes
  1162 | D        | Reached skill level 5 in Armour
  1162 | D        | Reached skill level 1 in Stealth
  1162 | D        | Reached XP level 8. HP: 57/57 MP: 2/8
  1173 | D        | Killed a flying skull
  1174 | D        | Received a gift from Trog
  1174 | D        | Reached skill level 10 in Fighting
  1364 | D        | Noticed a redback
  1370 | D        | Reached skill level 11 in Axes
  1376 | D        | Killed a redback
  1519 | D        | Noticed an efreet
  1519 | D        | Noticed a redback
  1524 | D        | Killed a redback
  1525 | D        | Received a gift from Trog
  1527 | D        | Killed an efreet
  1527 | D        | Reached skill level 12 in Axes
  1527 | D        | Reached XP level 9. HP: 63/63 MP: 3/9
  1533 | D        | Got an ichor-stained battleaxe {god gift}
  1534 | D        | Identified the +5 battleaxe "Puvvokk" {freeze, rN+ Str+2 Int+2 Dex-2} (Trog gifted it to you in the Dungeon)
  1585 | D        | Reached ****** piety under Trog
  1587 | D        | Noticed a deep elf mage
  1601 | D        | Killed a deep elf mage
  1601 | D        | Received a gift from Trog
  1812 | D        | Noticed a troll
  1812 | D        | Noticed a flayed ghost
  1812 | D        | Noticed a polar bear
  1819 | D        | Killed a troll
  1819 | D        | Reached skill level 13 in Axes
  1824 | D        | Killed a polar bear
  1826 | D        | Killed a flayed ghost
  1885 | D        | Noticed a deep elf mage
  1891 | D        | Reached XP level 10. HP: 70/70 MP: 10/10
  1892 | D        | Killed a deep elf mage
  1892 | D        | Reached skill level 14 in Axes
  1898 | D        | Noticed a five-headed hydra
  1903 | D        | Killed a seven-headed hydra
  2193 | D        | Killed a shadow wraith
  2193 | D        | Reached skill level 15 in Axes
  2200 | D        | Received a gift from Trog
  2256 | D        | Noticed a flayed ghost
  2259 | D        | Noticed a black mamba
  2261 | D        | Killed a shadow wraith
  2261 | D        | Reached skill level 10 in Armour
  2262 | D        | Noticed a merfolk javelineer
  2265 | D        | HP: 4/108 [black mamba (4)]
  2271 | D        | Killed a black mamba
  2272 | D        | Killed a flayed ghost
  2272 | D        | Reached skill level 10 in Dodging
  2276 | D        | Reached XP level 11. HP: 72/76 MP: 11/11
  2285 | D        | Hit by a javelin of returning thrown by a merfolk javelineer

Skill      XL: |  1  2  3  4  5  6  7  8  9 10 |
---------------+-------------------------------+-----
Fighting       | 4 5 7 8 9 10 11 12 | 12.7
Axes           | 3 4 6 7 8 10 12 13 15 | 15.6
Dodging        | 2 4 5 6 7 8 9 10 | 10.0
Armour         | 3 4 5 6 8 10 | 10.4
Stealth        | 1 2 3 4 |  4.0

Action                   |  1- 3 |  4- 6 |  7- 9 | 10-12 || total
-------------------------+-------+-------+-------+-------++-------
Melee: Hand axe          |    32 |    37 |       |       ||    69
       Battleaxe         |       |       |    67 |    25 ||    92
Invok: Berserk           |     2 |     2 |     6 |     2 ||    12
       Brothers in Arms  |       |       |     1 |     6 ||     7
  Use: Potion            |       |       |       |     5 ||     5
  Eat: Chunk             |       |     4 |     8 |     2 ||    14
       Ration            |       |       |       |     1 ||     1
Armor: Animal skin       |    22 |     9 |       |       ||    31
       Ring mail         |       |     1 |    19 |    17 ||    37
Dodge: Dodged            |    41 |    27 |    38 |    58 ||   164
